 Dungeon Crawl Stone Soup version 0.31.0-4-g52a2dc7128 (webtiles) character file.

Game seed: 8018142787343453889

4453 jorslayerofgods the Arsonist (level 10, -4/81 HPs)
             Began as an Oni Fire Elementalist on Jan 21, 2024.
             Slain by a yak (13 damage)
             ... on level 10 of the Dungeon.
             The game lasted 01:20:05 (11185 turns).

jorslayerofgods the Arsonist (OnFE)                Turns: 11185, Time: 01:20:06

Health: -4/81      AC:  9    Str: 13    XL:     10   Next: 37%
Magic:  22/22      EV: 15    Int: 24    God:
Gold:   358        SH:  0    Dex:  8    Spells: 16/26 levels left

rFire   . . .        I - +3 quarterstaff (chaos)
rCold   + . .        (shield currently unavailable)
rNeg    . . .        O - +0 steam dragon scales
rPois   .            (helmet restricted)
rElec   .            j - +0 cloak
rCorr   .            (gloves unavailable)
SInv    .            (boots unavailable)
Will    +....        f - amulet of magic regeneration
Stlth   +            c - +5 ring of evasion
HPRegen 0.00/turn    (no ring)
MPRegen 0.58/turn

%: no passive effects
@: inhibited regen
A: large, unfitting armour, horns 1, tough skin 1, double potion healing,
drunken brawling, iridescent scales 1, clever 1, cold resistance 1, inhibited
regeneration
a: no special abilities


You were on level 10 of the Dungeon.
You visited 1 branch of the dungeon, and saw 11 of its levels.

You collected 432 gold pieces.
You spent 74 gold pieces at shops.

Inventory:

Hand Weapons
 m - a +2 short sword of protection
 u - a +4 mace of protection
 I - a +3 quarterstaff of chaos (weapon)
 P - a +1 long sword
Missiles
 h - 62 stones
 w - 11 poisoned darts
 C - 2 javelins
Armour
 a - a +0 robe
 j - a +0 cloak (worn)
 k - a +0 robe of fire resistance
 E - the +2 pair of boots "Zyfypush" {rElec Int+3 Slay+2}
   (You found it on level 6 of the Dungeon)

   Int+3:     It affects your intelligence (+3).
   Slay+2:    It affects your accuracy & damage with ranged weapons and melee
   (+2).
   rElec:     It insulates you from electricity.
 O - +0 steam dragon scales (worn)
Jewellery
 c - a +5 ring of evasion (left hand)
 f - an amulet of magic regeneration (around neck)
 n - an amulet of faith
 q - an amulet of the acrobat
Wands
 t - a wand of charming (7)
 F - a wand of digging (2)
 G - a wand of roots (16)
 M - a wand of flame (32)
Scrolls
 d - a scroll of teleportation {unknown}
 e - a scroll of fog
 g - 2 scrolls of vulnerability
 i - a scroll of torment {unknown}
 l - 2 scrolls of identify
 r - a scroll of silence {unknown}
 y - a scroll of enchant weapon
 D - a scroll of poison {unknown}
 L - a scroll of revelation {unknown}
 N - a scroll of enchant armour {unknown}
Potions
 b - 2 potions of magic
 o - a potion of might {unknown}
 p - a potion of haste {unknown}
 s - a potion of enlightenment
 v - a potion of mutation
 x - 2 potions of attraction
 z - a potion of experience {unknown}
 A - a potion of lignification
 B - a potion of degeneration {unknown}
 H - a potion of brilliance
 J - a potion of curing


   Skills:
 + Level 0.5(2.7) Axes
 * Level 4.3(4.5) Maces & Flails
 + Level 1.4(3.1) Staves
 * Level 5.4 Dodging
 - Level 1.4 Stealth
 + Level 8.9 Spellcasting
 - Level 0.8 Conjurations
 + Level 0.4 Translocations
 * Level 9.6 Fire Magic


You had 16 spell levels left.
You knew the following spells:

 Your Spells              Type           Power      Damage    Failure   Level
a - Foxfire               Conj/Fire      100%       2x1d9     1%          1
b - Scorch                Fire           100%       2d9       1%          2
c - Sting                 Conj/Alch      48%        1d6       4%          1
d - Volatile Blastmotes   Fire/Tloc      70%        2d15      2%          3
e - Stone Arrow           Conj/Erth      24%        3d8       14%         3

Your spell library contained the following spells:

 Spells                   Type           Power      Damage    Failure   Level
 Inner Flame              Hex/Fire       34%        N/A       2%          3
 Sandblast                Erth           22%        2d7       6%          1
 Flame Wave               Conj/Fire      36%        2d10      7%          4
 Mercury Vapours          Alch/Air       20%        N/A       9%          2
 Dazzling Flash           Conj/Hex       24%        N/A       14%         3
 Mephitic Cloud           Conj/Alch/Air  12%        N/A       16%         3
 Passwall                 Erth           11%        N/A       17%         3
 Brom's Barrelling Bould  Conj/Erth      12%        2d4       43%         4
 Olgreb's Toxic Radiance  Alch           10%        N/A       52%         4
 Curse of Agony           Necr           10%        N/A       86%         5
 Silence                  Hex/Air        5%         N/A       86%         5


Dungeon Overview and Level Annotations

Branches:
Dungeon (11/15)
 Temple: D:4-7         Lair: D:8-11         Orc: D:9-12

Altars:
Fedhas
Hepliaklqana
Kikubaaqudgha
Makhleb
Nemelex Xobeh
Qazlal
Ru
Uskayaw
Xom
Yredelemnul
Zin

Shops:
D:5 *   D:9 (

Annotations:
D:3 1 exclusion


Innate Abilities, Weirdness & Mutations

You are too large for most types of armour.
You have a pair of small horns on your head.
You have tough skin. (AC +1)
You gain doubled healing and magic from potions.
Whenever you drink a healing potion, you attack all around you.
You are partially covered in iridescent scales. (AC +2)
Your mind is acute. (Int +4, Str/Dex -1)
Your flesh is cold resistant. (rC+)
You do not regenerate when monsters are visible.


Message History

You destroy the wight!
The concussive blast engulfs the shadow!
You destroy the shadow!
A yak comes into view.
The yak gores you but does no damage.
The yak bellows!
The yak gores you!
A yak comes into view.
The yak attacks as it pursues you! The yak closely misses you.
The yak attacks as it pursues you! The yak barely misses you.
A yak comes into view.
There is an open door here.
Aiming: Fastroot
Press: ? - help, Shift-Dir - straight line
Okay, then.
Aiming: Dig
Press: ? - help, Shift-Dir - straight line You can't see that place. [the floor.]
The rock shatters into small pieces.
The yak gores you but does no damage. The yak attacks as it pursues you!
The yak misses you. The yak gores you but does no damage.
The yak attacks as it pursues you! The yak misses you.
The yak attacks as it pursues you! The yak gores you!
The yak attacks as it pursues you! The yak completely misses you.
There is a stone staircase leading down here.
The yak completely misses you.
You climb downwards.
Found a book of Necromancy and a scroll labelled ININ SUSIJACERGH.
There is a stone staircase leading up here.
The cyclops shouts!
The boulder beetle curls into a ball and begins rolling!
The yak gores you!
* * * LOW HITPOINT WARNING * * *
You climb upwards.
The yak bellows!
The yak gores you.
* * * LOW HITPOINT WARNING * * *
The yak barely misses you. The yak gores you!
You die...

#.................#
#............_....#
#....Y............#
###..........#....#
#.#...Y...........#
#.Y..........#....#
#.#############'###
#..........YY.Y...#
######......Y..Y@....#
.#...#..........Y....#
.#...'...............#
.#...#...............#
###'#########........#
#........#...........#
#........#.......[...#
#........#...........#
###......#...........#


You could see 6 yaks.

Vanquished Creatures
  A two-headed ogre (D:9)
  A hornet (D:8)
  3 shadows (D:10)
  A yak (D:10)
  A wyvern (D:10)
  2 steam dragons (D:9)
  3 water moccasins
  2 orc warriors
  A black bear (D:6)
  A sky beast (D:6)
  2 ogres
  3 centaurs
  A kobold brigand (D:8)
  2 bullfrogs
  A gnoll sergeant (D:4)
  9 wights
  2 howler monkeys
  A bombardier beetle (D:7)
  Crazy Yiuf (D:7)
  3 hounds
  A jelly (D:7)
  7 orc priests
  A sleepcap (D:8)
  Terence (D:2)
  3 iguanas
  5 orc wizards
  4 gnolls (D:4)
  9 adders
  A shadow imp (D:5)
  A white imp (D:7)
  4 dart slugs
  A ribbon worm (D:5)
  37 orcs
  7 bats
  4 endoplasms
  2 giant cockroaches
  10 goblins
  5 hobgoblins
  A jackal (D:2)
  5 kobolds
  4 quokkas
  5 ball pythons
  6 frilled lizards
  3 rats
168 creatures vanquished.

Vanquished Creatures (others)
  A wight (D:9)
  79 foxfires
80 creatures vanquished.

Grand Total: 248 creatures vanquished

Notes
Turn   | Place    | Note
-------+----------+-------------------------------------------
     0 | D:1      | jorslayerofgods the Oni Fire Elementalist began the quest
                  | for the Orb.
     0 | D:1      | Reached XP level 1. HP: 16/16 MP: 3/3
   118 | D:1      | Reached skill level 3 in Fire Magic
   118 | D:1      | Reached XP level 2. HP: 24/24 MP: 0/5
   766 | D:2      | Reached XP level 3. HP: 31/31 MP: 2/7
  1387 | D:2      | Reached XP level 4. HP: 35/39 MP: 4/8
  1390 | D:2      | Learned a level 2 spell: Scorch
  1842 | D:2      | Found a faded altar of an unknown god.
  2189 | D:2      | Reached skill level 4 in Fire Magic
  2392 | D:2      | Noticed Terence
  2408 | D:2      | Killed Terence
  2822 | D:3      | Found a hazy altar of Hepliaklqana.
  2876 | D:3      | Reached XP level 5. HP: 45/45 MP: 3/9
  3281 | D:4      | Noticed an ogre
  3308 | D:3      | Killed an ogre
  3453 | D:4      | Reached XP level 6. HP: 19/53 MP: 2/11
  3608 | D:4      | Gained mutation: You do not regenerate when monsters are
                  | visible. [potion of mutation]
  3608 | D:4      | Gained mutation: You are partially covered in iridescent
                  | scales. (AC +2) [potion of mutation]
  3608 | D:4      | Gained mutation: Your flesh is cold resistant. (rC+)
                  | [potion of mutation]
  3608 | D:4      | Gained mutation: Your mind is acute. (Int +4, Str/Dex -1)
                  | [potion of mutation]
  3934 | D:4      | Learned a level 1 spell: Sting
  3938 | D:4      | Learned a level 3 spell: Volatile Blastmotes
  4078 | D:4      | Reached skill level 5 in Fire Magic
  4289 | D:4      | Found an ancient bone altar of Kikubaaqudgha.
  4434 | D:4      | Reached XP level 7. HP: 59/59 MP: 8/13
  4579 | D:5      | Entered Level 5 of the Dungeon
  4773 | D:5      | Found a stormy altar of Qazlal.
  4779 | D:5      | Reached skill level 1 in Maces & Flails
  4804 | D:5      | Reached skill level 5 in Spellcasting
  4804 | D:5      | Reached skill level 6 in Fire Magic
  5126 | D:5      | Reached XP level 8. HP: 20/67 MP: 9/16
  5295 | D:5      | Found Wiothriapt's CLEARANCE SALE!.
  5300 | D:5      | Bought a scroll of enchant weapon for 37 gold pieces
  5311 | D:5      | Bought a scroll of enchant weapon for 37 gold pieces
  5660 | D:5      | Learned a level 3 spell: Stone Arrow
  5671 | D:6      | Identified the +2 pair of boots "Zyfypush" {rElec Int+3
                  | Slay+2}
  5724 | D:6      | Reached skill level 7 in Fire Magic
  6479 | D:7      | Found a sacrificial altar of Ru.
  6488 | D:7      | Found a shimmering altar of Xom.
  6491 | D:7      | Found a burning altar of Makhleb.
  6491 | D:7      | Found a basalt altar of Yredelemnul.
  6497 | D:7      | Found a glowing silver altar of Zin.
  6683 | D:7      | Found a runed translucent door.
  6684 | D:7      | Noticed Crazy Yiuf
  6904 | D:7      | Killed Crazy Yiuf
  6905 | D:7      | Reached XP level 9. HP: 74/74 MP: 13/19
  6982 | D:8      | Noticed a hornet
  6994 | D:8      | Killed a hornet
  6995 | D:8      | Reached skill level 8 in Fire Magic
  8580 | D:9      | Noticed a two-headed ogre
  8592 | D:9      | Killed a two-headed ogre
  8851 | D:9      | Reached skill level 9 in Fire Magic
  8953 | D:9      | Reached XP level 10. HP: 66/81 MP: 2/22
  9695 | D:9      | Found Vuwnacev's Antique Weapon Shoppe.
  9835 | D:10     | Entered Level 10 of the Dungeon
 10002 | D:10     | Found a blossoming altar of Fedhas.
 10002 | D:10     | Found a sparkling altar of Nemelex Xobeh.
 10088 | D:10     | HP: 4/81 [something (12)]
 10092 | D:10     | Reached skill level 5 in Dodging
 10707 | D:10     | Reached skill level 1 in Staves
 11130 | D:10     | Found a hide-covered altar of Uskayaw.
 11183 | D:11     | Noticed a cyclops
 11183 | D:11     | Noticed a boulder beetle
 11185 | D:10     | Slain by a yak

Illustrated notes

Levels and vault maps discovered:
D:1:      minmay_arrival_four_houses, layout_rooms, nicolae_titane
D:2:      minmay_skewed_foursquare, layout_loops_corners,
          basic_ecumenical_altar, kennysheep_generic_room_15, uniq_terence
D:3:      layout_basic, mainiacjoe_overflow_alcove_2
D:4:      layout_rooms, lemuel_coloured_pillars_altar, nicolae_grassy_gnolls
D:5:      layout_cave_pools, mainiacjoe_overflow_catwalk, nicolae_shop_clearance
D:6:      layout_loops_ring, overflow_temple_1_default, tgw_sif, temple_pool_b,
          gup_ossuary_entry_pyramid, hangedman_decor_slide_cut,
          dk_noncrumbling_2
D:7:      layout_basic, nicolae_overflow_hallway_of_the_gods,
          uniq_crazy_yiuf_cottage
D:8:      layout_basic, minmay_fountain_box
D:9:      layout_irregular_city, serial_shops, shop
D:10:     gammafunk_indiana_jones, layout_grid_maze,
          mainiacjoe_overflow_tiny_flanked, mainiacjoe_overflow_divided_tiny,
          orc_0_dummy, serial_bayou_pond_b
D:11:     layout_roguey, minmay_lair_entry_grove, uniq_harold

Skill      XL: |  1  2  3  4  5  6  7  8  9 10 |
---------------+-------------------------------+-----
Fire Magic     | 3 4 5 6 7 9 |  9.6
Dodging        | 2 3 4 5 |  5.4
Spellcasting   | 3 4 5 6 8 |  8.9
Maces & Flails | 1 2 4 |  4.3
Staves         | 1 |  1.4
Axes           | |  0.5
Stealth        | |  1.4
Conjurations   | |  0.8
Translocations | |  0.4

Action                     |  1- 3 |  4- 6 |  7- 9 | 10-12 || total
---------------------------+-------+-------+-------+-------++-------
  Melee: Hand axe          |     1 |       |       |       ||     1
         Broad axe         |     6 |    13 |       |       ||    19
         Headbutt          |     1 |     3 |     5 |     8 ||    17
         Mace              |       |    22 |    23 |       ||    45
         Quarterstaff      |       |       |    18 |    44 ||    62
   Cast: Foxfire           |    56 |       |     3 |       ||    59
         Scorch            |       |    76 |   147 |    17 ||   240
         Volatile Blastmot |       |     1 |     4 |     1 ||     6
         Stone Arrow       |       |       |     5 |     5 ||    10
         Sting             |       |       |     1 |       ||     1
  Evoke: Wand              |       |       |     1 |     1 ||     2
    Use: Potion            |       |     7 |     3 |     3 ||    13
         Scroll            |       |     2 |     5 |       ||     7
 Armour: Robe              |    19 |    17 |   107 |       ||   143
         Steam dragon scal |       |       |     5 |    45 ||    50
  Dodge: Dodged            |    36 |    42 |   158 |    34 ||   270
